cohdb
Replays
Latest Replays
All Replays
Popular Replays
Top Player Replays
Match Explorer
How It Works
Community
CoH3 Stats
Reddit
Sign in to upload your games and track your stats! →
Sign in with Steam
Match 42746627
Unlisted
Match 42746627
Overview
Messages
Build Orders
End
Vickers Machine Gun Team
Selects Canadian Shock Battlegroup
Royal Engineer Section
Construct Section Command Post
Dingo Light Scout Car
Construct Platoon Command Post
Selects Attacking Spirit
Selects Canadian Shock Section
Canadian Shock Section
Unlock Bishop Self-propelled Artillery
Canadian Shock Section
Selects Incendiary Munitions
Bishop Self-propelled Artillery
CMP 15cwt Truck
6-pounder Anti-tank Gun Team
6-pounder Anti-tank Gun Team
Selects Pyrotechnics
CMP 15cwt Truck
Construct Company Command Post
6-pounder Anti-tank Gun Team
Canadian Shock Section
Vickers Machine Gun Team
Infantry Training
Royal Engineer Section
Selects Demolition Engineering
Demolition Engineering
Gumshoe.Cambro
Atrol
HONGHA
453018251
Adelfos88
spring
Valar[M]orgHulis
391878204
0
0
Comments
sign in to comment!
No comments posted yet!